 Dungeon Crawl Stone Soup version 0.32-a0-900-g30fb1b0edc (webtiles) character file.

Game seed: 1426413889348261468

201 Autsider the Apothecary (level 5, -20/38 HPs)
             Began as a Gnoll Alchemist on Apr 5, 2024.
             Demolished by Menkaure (23 damage)
             ... on level 4 of the Dungeon.
             The game lasted 00:07:43 (3388 turns).

Autsider the Apothecary (Gnoll Alchemist)           Turns: 3388, Time: 00:07:44

Health: -20/38     AC:  3    Str:  8    XL:     5   Next: 79%
Magic:  8/12       EV: 12    Int: 16    God:
Gold:   164        SH:  0    Dex: 12    Spells: 10/14 levels left

rFire   . . .        m - +3 short sword (holy)
rCold   . . .        (no shield)
rNeg    . . .        a - +0 robe
rPois   .            (no helmet)
rElec   .            (no cloak)
rCorr   .            p - +0 pair of gloves
SInv    .            (no boots)
Will    .....        (no amulet)
Stlth   +++          (no ring)
HPRegen 0.26/turn    (no ring)
MPRegen 0.13/turn

%: no passive effects
@: no status effects
A: fangs 1, strong nose, distributed training
a: no special abilities


You were on level 4 of the Dungeon.
You visited 1 branch of the dungeon, and saw 4 of its levels.

You collected 164 gold pieces.

Inventory:

Hand Weapons
 i - a +0 war axe
 m - a +3 short sword of holy wrath (weapon)
Armour
 a - a +0 robe (worn)
 l - a +1 chain mail of poison resistance
 o - a +0 leather armour
 p - a +0 pair of gloves (worn)
Scrolls
 e - a scroll of immolation
 f - 2 scrolls of enchant weapon
 g - a scroll of vulnerability {unknown}
 n - a scroll of fear {unknown}
 r - a scroll of identify {unknown}
 s - a scroll of amnesia {unknown}
 t - a scroll of blinking {unknown}
Potions
 b - a potion of magic
 c - a potion of might {unknown}
 h - a potion of brilliance {unknown}
 j - a potion of mutation {unknown}
 k - 4 potions of curing {unknown}
 q - a potion of heal wounds {unknown}


   Skills:
 + Level 1.7 Fighting
 + Level 1.7 Short Blades
 + Level 1.7 Long Blades
 + Level 1.7 Axes
 + Level 1.7 Maces & Flails
 + Level 1.7 Polearms
 + Level 1.7 Staves
 + Level 1.7 Ranged Weapons
 + Level 1.7 Throwing
 + Level 1.7 Armour
 + Level 4.9 Dodging
 + Level 4.5 Stealth
 + Level 1.7 Shields
 + Level 1.7 Unarmed Combat
 + Level 5.2 Spellcasting
 + Level 2.5 Conjurations
 + Level 1.3 Hexes
 + Level 1.3 Summonings
 + Level 1.3 Necromancy
 + Level 1.3 Translocations
 + Level 1.3 Fire Magic
 + Level 1.3 Ice Magic
 + Level 1.3 Air Magic
 + Level 1.3 Earth Magic
 + Level 5.6 Alchemy
 + Level 1.9 Invocations
 + Level 1.7 Evocations
 + Level 1.5 Shapeshifting


You had 10 spell levels left.
You knew the following spells:

 Your Spells              Type           Power      Damage    Failure   Level
a - Sting                 Conj/Alch      68%        1d7       2%          1
b - Mephitic Cloud        Conj/Alch/Air  14%        N/A       12%         3

Your spell library contained the following spells:

 Spells                   Type           Power      Damage    Failure   Level
 Mercury Vapours          Alch/Air       30%        N/A       5%          2
 Freeze                   Ice            32%        1d5       9%          1
 Olgreb's Toxic Radiance  Alch           22%        N/A       14%         4
 Hailstorm                Conj/Ice       10%        3d6       21%         3
 Frozen Ramparts          Ice            16%        1d3       26%         3
 Passwall                 Erth           8%         N/A       26%         3
 Tukima's Dance           Hex            8%         N/A       26%         3
 Volatile Blastmotes      Fire/Tloc      16%        2d11      26%         3
 Sticky Flame             Fire/Alch      15%        2d5       34%         4
 Passage of Golubria      Tloc           8%         N/A       63%         4
 Vhi's Electric Charge    Tloc/Air       16%        N/A       63%         4
 Yara's Violent Unravell  Hex/Alch       7%         3d5       69%         5
 Bombard                  Conj/Erth      5%         9d2       100%        6


Dungeon Overview and Level Annotations

Branches:
Dungeon (4/15)
 Temple: D:4-7

Altars:
Yredelemnul

Annotations:
D:3 exclusion: downstairs
D:4 Menkaure


Innate Abilities, Weirdness & Mutations

You have very sharp teeth.
Your uncanny sense of smell can sniff out nearby items.
Your experience applies equally to all skills.


Message History

Menkaure sighs in an indecipherable tongue.
You hit Menkaure but do no damage.
Menkaure calls on the powers of darkness!
Your body is wracked with pain!
* * * LOW HITPOINT WARNING * * *
You barely miss Menkaure. Menkaure hits you!!
* * * LOW HITPOINT WARNING * * *
Casting: Sting (safe; 2% risk of failure)
Confirm with . or Enter, or press ? or * to list all spells.
Aiming: Sting (safe; 2% risk of failure)
Press: ? - help, Shift-Dir - straight line, f - Menkaure
Aim: Menkaure (88% to hit)
The sting hits Menkaure.
Menkaure partially resists.
Menkaure is lightly damaged.
Menkaure closely misses you.
Casting: Sting (safe; 2% risk of failure)
Confirm with . or Enter, or press ? or * to list all spells.
Aiming: Sting (safe; 2% risk of failure)
Press: ? - help, Shift-Dir - straight line, f/p - Menkaure
Aim: Menkaure (lightly damaged, 88% to hit)
The sting hits Menkaure.
Menkaure partially resists.
Menkaure is lightly damaged.
Casting: Sting (safe; 2% risk of failure)
Confirm with . or Enter, or press ? or * to list all spells.
Aiming: Sting (safe; 2% risk of failure)
Press: ? - help, Shift-Dir - straight line, f/p - Menkaure
Aim: Menkaure (lightly damaged, 88% to hit)
The sting hits Menkaure.
Menkaure partially resists.
Menkaure is moderately damaged.
Menkaure misses you.
Casting: Sting (safe; 2% risk of failure)
Confirm with . or Enter, or press ? or * to list all spells.
Aiming: Sting (safe; 2% risk of failure)
Press: ? - help, Shift-Dir - straight line, f/p - Menkaure
Aim: Menkaure (moderately damaged, 88% to hit)
The sting hits Menkaure but does no damage.
Menkaure is moderately damaged.
Menkaure hits you!!
Ouch! That really hurt!
You die...

.....# ####.## . ...)##
##....#### #....
#........#### ##.## #
#......M....## #######....
#.
#.......###..###........##
#.#.......####......###...##
#.........M@.....##.# #.###
####.......#########.# #.#
.......<...# #.# #.#
≈≈≈≈§......# #.. ..#
≈≈≈≈≈.#.#### ### ###
§.⌠≈≈.#.# ≈_>≈≈ #.# ≈≈≈≈≈
#.# ≈≈§≈ ..#


You could see Menkaure.

Vanquished Creatures
  3 orc priests
  An orc wizard (D:4)
  2 adders (D:2)
  2 dart slugs
  7 orcs
  3 ball pythons
  9 bats
  2 endoplasms (D:3)
  4 giant cockroaches
  4 goblins
  6 hobgoblins
  4 quokkas
  6 frilled lizards
  2 kobolds (D:2)
  11 rats
66 creatures vanquished.

Notes
Turn   | Place    | Note
-------+----------+-------------------------------------------
     0 | D:1      | Autsider the Gnoll Alchemist began the quest for the Orb.
     0 | D:1      | Reached XP level 1. HP: 13/13 MP: 6/6
   143 | D:1      | Reached XP level 2. HP: 19/19 MP: 7/7
   786 | D:1      | Reached skill level 5 in Spellcasting
   786 | D:1      | Reached XP level 3. HP: 25/25 MP: 5/9
   929 | D:1      | Learned a level 3 spell: Mephitic Cloud
  1188 | D:2      | Reached skill level 1 in Invocations
  1193 | D:2      | Reached skill level 1 in Fighting
  1193 | D:2      | Reached skill level 1 in Short Blades
  1193 | D:2      | Reached skill level 1 in Long Blades
  1193 | D:2      | Reached skill level 1 in Axes
  1193 | D:2      | Reached skill level 1 in Maces & Flails
  1193 | D:2      | Reached skill level 1 in Polearms
  1193 | D:2      | Reached skill level 1 in Staves
  1193 | D:2      | Reached skill level 1 in Ranged Weapons
  1193 | D:2      | Reached skill level 1 in Throwing
  1193 | D:2      | Reached skill level 1 in Armour
  1193 | D:2      | Reached skill level 1 in Shields
  1193 | D:2      | Reached skill level 1 in Unarmed Combat
  1193 | D:2      | Reached skill level 1 in Evocations
  1193 | D:2      | Reached skill level 1 in Shapeshifting
  1193 | D:2      | Reached XP level 4. HP: 14/32 MP: 9/11
  1509 | D:2      | You fall into a shaft and drop 2 floors!
  1578 | D:3      | Reached skill level 1 in Hexes
  1578 | D:3      | Reached skill level 1 in Summonings
  1578 | D:3      | Reached skill level 1 in Necromancy
  1578 | D:3      | Reached skill level 1 in Translocations
  1578 | D:3      | Reached skill level 1 in Fire Magic
  1578 | D:3      | Reached skill level 1 in Ice Magic
  1578 | D:3      | Reached skill level 1 in Air Magic
  1578 | D:3      | Reached skill level 1 in Earth Magic
  1672 | D:3      | Found a faded altar of an unknown god.
  1877 | D:3      | Found Pyfih's Weapon Shoppe.
  2659 | D:3      | Reached XP level 5. HP: 27/37 MP: 7/12
  3244 | D:4      | Noticed Menkaure
  3244 | D:4      | Found a basalt altar of Yredelemnul.
  3388 | D:4      | Demolished by Menkaure

Illustrated notes

Levels and vault maps discovered:
D:1:      roderic_dead_forest, layout_loops_corners
D:2:      cheibrodos_pilgrimage, layout_basic, corexii_corridor_pit
D:3:      layout_basic, serial_shops, shop, ebering_ecumenical_altar_webs
D:4:      layout_rooms, general_overflow_altar, kennysheep_generic_room_3,
          uniq_menkaure

Skill      XL: |  1  2  3  4 |
---------------+-------------+-----
Conjurations   | 2 |  2.5
Spellcasting   | 5 |  5.2
Invocations    | 1 |  1.9
Fighting       | 1 |  1.7
Short Blades   | 1 |  1.7
Long Blades    | 1 |  1.7
Axes           | 1 |  1.7
Maces & Flails | 1 |  1.7
Polearms       | 1 |  1.7
Staves         | 1 |  1.7
Ranged Weapons | 1 |  1.7
Throwing       | 1 |  1.7
Armour         | 1 |  1.7
Shields        | 1 |  1.7
Unarmed Combat | 1 |  1.7
Evocations     | 1 |  1.7
Shapeshifting  | 1 |  1.5
Hexes          | 1 |  1.3
Summonings     | 1 |  1.3
Necromancy     | 1 |  1.3
Translocations | 1 |  1.3
Fire Magic     | 1 |  1.3
Ice Magic      | 1 |  1.3
Air Magic      | 1 |  1.3
Earth Magic    | 1 |  1.3
Dodging        | |  4.9
Stealth        | |  4.5
Alchemy        | |  5.6

Action                     |  1- 3 |  4- 6 || total
---------------------------+-------+-------++-------
  Melee: Unarmed           |     7 |       ||     7
         Short sword       |    10 |    47 ||    57
         Bite              |     1 |     5 ||     6
         War axe           |     2 |       ||     2
   Cast: Sting             |    37 |    47 ||    84
    Use: Scroll            |       |     3 ||     3
   Stab: Sleeping          |     2 |     1 ||     3
 Armour: Robe              |     5 |    42 ||    47
  Dodge: Dodged            |    19 |    44 ||    63

Table legend: (Time is in decaauts)
 A = Elapsed time spent in this place.
 B = Non-inter-level travel time spent in this place.
 C = Inter-level travel time spent in this place.
 D = Time resting spent in this place.
 E = Time spent auto-exploring this place.
 F = Levels seen in this place.
 G = Mean time per level.
                   A        B        C        D        E       F      G
               +--------+--------+--------+--------+--------+-----+--------+
         Total |   3384 |   3131 |    253 |      0 |   2614 |   4 |  846.0 |
       Dungeon |   3384 |   3131 |    253 |      0 |   2614 |   4 |  846.0 |
               +--------+--------+--------+--------+--------+-----+--------+

Top non-repeatable levels by time:
     D:3: 1194 daAuts
     D:1: 1144 daAuts
     D:2: 876 daAuts
     D:4: 168 daAuts
